 Dungeon Crawl Stone Soup version 0.31-a0-1074-g0b22e4e0f1 (webtiles) character file.

Game seed: 1989389355891785493

97 BigPumpCobain the Ruffian (level 4, -3/42 HPs)
             Began as a Troll Shapeshifter on Dec 8, 2023.
             Slain by an orc warrior
             ... wielding a +0 halberd
              (9 damage)
             ... on level 3 of the Dungeon.
             The game lasted 00:03:08 (1911 turns).

BigPumpCobain the Ruffian (Troll Shapeshifter)      Turns: 1911, Time: 00:03:09

Health: -3/42      AC:  4    Str: 24    XL:     4   Next: 42%
Magic:  3/3        EV:  9    Int:  6    God:
Gold:   213        SH:  0    Dex:  9    Spells: 3/3 levels left

rFire   . .          .
                       - Unarmed
rCold   . . .        (no shield)
rNeg    . . .        a - +0 animal skin
rPois   .            (helmet currently unavailable)
rElec   .            (cloak currently unavailable)
rCorr   .            (gloves unavailable)
SInv    .            (boots unavailable)
Will    .....        (no amulet)
Stlth   +            (no ring)
HPRegen 1.07/turn    (no ring)
MPRegen 0.08/turn

%: no passive effects
@: beast-form
A: beast (slay +1), large, unfitting armour, claws 3, regeneration 1, shaggy fur
1, tough skin 1
a: Begin Untransformation


You were on level 3 of the Dungeon.
You were a hulking beast.
You visited 1 branch of the dungeon, and saw 3 of its levels.

You collected 213 gold pieces.

Inventory:

Missiles
 g - a throwing net
Armour
 a - a +0 animal skin (worn)
Talismans
 c - a beast talisman
 d - a flux talisman
Scrolls
 f - 6 scrolls of identify {unknown}
 i - 2 scrolls of revelation {unknown}
 k - a scroll of fog {unknown}
 n - a scroll of amnesia {unknown}
 o - a scroll of noise {unknown}
 p - a scroll of poison {unknown}
 q - a scroll of blinking {unknown}
Potions
 b - 2 potions of lignification
 e - a potion of enlightenment {unknown}
 h - 2 potions of heal wounds {unknown}
 j - a potion of brilliance {unknown}
 l - a potion of invisibility {unknown}
 m - a potion of haste {unknown}


   Skills:
 + Level 2.1 Fighting
 - Level 1.5 Dodging
 * Level 4.6 Unarmed Combat
 - Level 3.0 Shapeshifting


You had 3 spell levels left.
You didn't know any spells.
Your spell library contained the following spells:

 Spells                   Type           Power      Damage    Failure   Level
 Necrotise                Necr           0%         1d4       45%         1
 Shock                    Conj/Air       0%         1d3       45%         1
 Lesser Beckoning         Tloc           0%         N/A       58%         2
 Gell's Gravitas          Tloc           0%         N/A       83%         3
 Swiftness                Air            0%         N/A       83%         3
 Teleport Other           Tloc           0%         N/A       83%         3
 Vampiric Draining        Necr           0%         2d6       83%         3
 Airstrike                Air            0%         2d(0-16)  99%         4
 Agony                    Necr           0%         N/A       100%        5


Dungeon Overview and Level Annotations

Branches:
Dungeon (3/15)

Altars:

Shops:
D:3 =(!((


Innate Abilities, Weirdness & Mutations

You are a hulking beast.
Your limbs bulge with bestial killing power. (Slay +1)
You are too large for most types of armour.
You have claws for hands.
Your natural rate of healing is unusually fast.
You are covered in fur. (AC +1)
You have tough skin. (AC +1)


Message History

There is a stone staircase leading up, spattered with blood here.
The orc priest completely misses you.
The orc priest hits you with a +0 trident.
You closely miss the orc priest.
The orc priest casts a cantrip, but nothing happens.
You claw the orc priest!
The orc priest is almost dead.
The orc priest hits you with a +0 trident.
You scratch the orc priest.
You kill the orc priest!
Your Fighting skill increases to level 2!
The orc warrior closely misses you.
You closely miss the orc warrior.
The orc warrior hits you with a +0 halberd!
You claw the orc warrior! Your claw misses the orc warrior.
The orc warrior is moderately wounded.
The orc warrior hits you with a +0 halberd!
You are too injured to fight recklessly!
You are too injured to fight recklessly!
The orc warrior hits you from afar with a +0 halberd!
* * * LOW HITPOINT WARNING * * *
The orc warrior closely misses you.
There is a stone staircase leading up, spattered with blood here.
The orc warrior closely misses you.
You climb upwards.
There is a stone staircase leading down here.
You start resting.
HP restored.
You climb downwards.
There is a stone staircase leading up, spattered with blood here.
The orc warrior hits you from afar with a +0 halberd!
The orc warrior hits you with a +0 halberd!
You claw the orc warrior!
The orc warrior is heavily wounded.
The orc warrior hits you with a +0 halberd!
* * * LOW HITPOINT WARNING * * *
You claw the orc warrior!
The orc warrior is almost dead.
The orc warrior hits you with a +0 halberd!
You die...

# .. .#### ######## ..
...###......#
##.##.##...##..
#.....)....#.#.####### #
#........##.......
#.#..##........#>#######
......oh...<.....# ###
###.######...#.#># ##
..# #...#.#.# #. #.#
##......# #. #.###
####+### #. ....# #.
#.#.# #. .##.## #.
∩....### ####.


You could see an orc warrior.

Vanquished Creatures
  An orc priest (D:3)
  A gnoll (D:1)
  An adder (D:3)
  2 worms (D:2)
  An orc (D:2)
  5 ball pythons
  4 endoplasms
  4 giant cockroaches
  4 goblins
  4 hobgoblins
  A quokka (D:2)
  3 bats
  5 frilled lizards
  3 kobolds
  6 rats
45 creatures vanquished.

Notes
Turn   | Place    | Note
-------+----------+-------------------------------------------
     0 | D:1      | BigPumpCobain the Troll Shapeshifter began the quest for
                  | the Orb.
     0 | D:1      | Reached XP level 1. HP: 18/18 MP: 0/0
   131 | D:1      | You fall into a shaft and drop 1 floor!
   150 | D:2      | Reached skill level 1 in Fighting
   303 | D:2      | Reached XP level 2. HP: 27/27 MP: 1/1
   795 | D:1      | Reached XP level 3. HP: 33/33 MP: 2/2
   851 | D:1      | Reached skill level 4 in Unarmed Combat
  1246 | D:3      | Found Lan Woff's Weapon Shoppe.
  1305 | D:3      | Found Wuherghecw's Antique Weapon Shop.
  1427 | D:3      | Found Awoxteje's Distillery.
  1513 | D:3      | Found Baasa's Jewellery Shop.
  1622 | D:3      | Found Bym Pesk's Antique Weapon Boutique.
  1839 | D:3      | Noticed an orc warrior
  1851 | D:2      | Reached XP level 4. HP: 36/42 MP: 3/3
  1911 | D:3      | Slain by an orc warrior

Illustrated notes

Levels and vault maps discovered:
D:1:      saegor_arrival_simple_c, layout_basic
D:2:      layout_loops_cross
D:3:      layout_loops_corners, serial_shops, shop, shop, shop, shop,
          nicolae_shop_hallway_stairs

Skill      XL: |  1  2  3  4 |
---------------+-------------+-----
Fighting       | 1 2 |  2.1
Unarmed Combat | 4 |  4.6
Dodging        | |  1.5
Shapeshifting  | |  3.0

Action                     |  1- 3 |  4- 6 || total
---------------------------+-------+-------++-------
  Melee: Unarmed           |   112 |     7 ||   119
   Stab: Distracted        |     1 |       ||     1
 Armour: Animal skin       |    64 |     9 ||    73
  Dodge: Dodged            |    51 |     5 ||    56

Table legend: (Time is in decaauts)
 A = Elapsed time spent in this place.
 B = Non-inter-level travel time spent in this place.
 C = Inter-level travel time spent in this place.
 D = Time resting spent in this place.
 E = Time spent auto-exploring this place.
 F = Levels seen in this place.
 G = Mean time per level.
                   A        B        C        D        E       F      G
               +--------+--------+--------+--------+--------+-----+--------+
         Total |   1906 |   1836 |     70 |     30 |   1508 |   3 |  635.3 |
       Dungeon |   1906 |   1836 |     70 |     30 |   1508 |   3 |  635.3 |
               +--------+--------+--------+--------+--------+-----+--------+

Top non-repeatable levels by time:
     D:2: 658 daAuts
     D:1: 624 daAuts
     D:3: 623 daAuts
